team 1 (winner) 
              
              
bLinn (
purple | 100 APM | 769 actions | 07:42)
              
 4 Far Seer 
 2 Feral Spirit
 2 Chain Lighting
 
                » actions 
                
                | Assign group hotkey | 35 |  | 
| Basic commands | 11 |  | 
| Build / train | 39 |  | 
| Enter build submenu | 7 |  | 
| Enter hero's abilities submenu | 4 |  | 
| Right click | 439 |  | 
| Select / deselect | 134 |  | 
| Select group hotkey | 80 |  | 
| Use ability | 20 |  | 
                769 total
 » units 
                » buildings
                
                | Altar of Storms | 1 |  | 
| Orc Burrow | 3 |  | 
| Barracks | 1 |  | 
| Voodoo Lounge | 1 |  | 
| Stronghold | 3 |  | 
                9 total
 » build order
                00:02 Altar of Storms
00:11 Orc Burrow
00:28 Barracks
02:04 Orc Burrow
04:02 Voodoo Lounge
04:28 Orc Burrow
07:17 Stronghold
07:18 Stronghold
» items
                
                | Lesser Clarity Potion | 1 |  | 
| Scroll of Speed | 1 |  | 
| Healing Salve | 1 |  | 
                3 total
  
               
              
              
iggy_the_fisk (
green | 112 APM | 859 actions | 07:40)
              
 2 Mountain King 
 1 Storm Bolt
 1 Bash
 
                » actions 
                
                | Assign group hotkey | 131 |  | 
| Basic commands | 14 |  | 
| Build / train | 39 |  | 
| Enter build submenu | 13 |  | 
| Enter hero's abilities submenu | 2 |  | 
| Remove unit from queue | 2 |  | 
| Right click | 453 |  | 
| Select / deselect | 112 |  | 
| Select group hotkey | 64 |  | 
| Use ability | 29 |  | 
                859 total
 » units 
                » buildings
                
                | Altar of Kings | 1 |  | 
| Farm | 5 |  | 
| Barracks | 1 |  | 
| Lumber Mill | 1 |  | 
| Scout Tower | 2 |  | 
| Arcane Tower | 1 |  | 
| Keep | 1 |  | 
| Arcane Sanctum | 2 |  | 
                14 total
 » build order
                00:20 Altar of Kings
00:35 Farm
00:51 Barracks
01:20 Farm
02:00 Farm
02:26 Lumber Mill
03:05 Scout Tower
03:24 Arcane Tower
04:08 Keep
05:01 Scout Tower
06:33 Arcane Sanctum
06:34 Arcane Sanctum
07:14 Farm
07:16 Farm
» items
                
                | Healing Salve | 2 |  | 
| Lesser Clarity Potion | 1 |  | 
                3 total
  
               
              
              
Mata. (
pink | 123 APM | 944 actions | 07:40)
              
 2 Far Seer 
 1 Feral Spirit
 1 Chain Lighting
 
                » actions 
                
                | Assign group hotkey | 103 |  | 
| Basic commands | 10 |  | 
| Build / train | 25 |  | 
| Enter build submenu | 19 |  | 
| Enter hero's abilities submenu | 3 |  | 
| Right click | 460 |  | 
| Select / deselect | 195 |  | 
| Select group hotkey | 90 |  | 
| Use ability | 39 |  | 
                944 total
 » units 
                » buildings
                
                | Altar of Storms | 1 |  | 
| Orc Burrow | 3 |  | 
| Barracks | 1 |  | 
| Voodoo Lounge | 4 |  | 
| Stronghold | 1 |  | 
| Beastiary | 4 |  | 
                14 total
 » build order
                00:04 Altar of Storms
00:18 Orc Burrow
00:37 Barracks
01:48 Orc Burrow
02:54 Voodoo Lounge
03:11 Voodoo Lounge
03:28 Voodoo Lounge
03:33 Stronghold
03:57 Voodoo Lounge
05:07 Orc Burrow
06:12 Beastiary
06:15 Beastiary
06:31 Beastiary
06:38 Beastiary
» items
                 
               
              
              
» 
timG4strok (
orange | 136 APM | 1042 actions | 07:40)
              
 3 Archmage 
 2 Summon Water Elemental
 1 Brilliance Aura
 
                » actions 
                
                | Assign group hotkey | 24 |  | 
| Basic commands | 41 |  | 
| Build / train | 42 |  | 
| ESC pressed | 2 |  | 
| Enter build submenu | 21 |  | 
| Enter hero's abilities submenu | 3 |  | 
| Right click | 453 |  | 
| Select / deselect | 111 |  | 
| Select group hotkey | 305 |  | 
| Use ability | 40 |  | 
                1042 total
 » units 
                » buildings
                
                | Altar of Kings | 1 |  | 
| Farm | 4 |  | 
| Barracks | 1 |  | 
| Lumber Mill | 1 |  | 
| Scout Tower | 15 |  | 
| Guard Tower | 4 |  | 
| Arcane Tower | 1 |  | 
                27 total
 » build order
                00:04 Altar of Kings
00:07 Farm
00:13 Barracks
00:45 Farm
01:34 Farm
01:56 Lumber Mill
02:58 Scout Tower
02:58 Scout Tower
02:59 Scout Tower
03:23 Scout Tower
03:55 Scout Tower
04:24 Scout Tower
04:25 Scout Tower
04:25 Scout Tower
05:31 Guard Tower
06:19 Scout Tower
06:19 Scout Tower
06:20 Scout Tower
06:26 Farm
06:36 Guard Tower
06:40 Scout Tower
07:01 Guard Tower
07:10 Guard Tower
07:11 Scout Tower
07:12 Scout Tower
07:15 Arcane Tower
07:16 Scout Tower
» items
                
                | Healing Salve | 1 |  | 
| Lesser Clarity Potion | 1 |  | 
                2 total
  
               team 2 (loser) 
              
              
» 
JuicyLemon (
red | 87 APM | 656 actions | 07:34)
              
 2 Tauren Chieftain 
 1 Shockwave
 1 Endurance Aura
 
                » actions 
                
                | Assign group hotkey | 15 |  | 
| Basic commands | 11 |  | 
| Build / train | 23 |  | 
| Enter build submenu | 10 |  | 
| Enter hero's abilities submenu | 3 |  | 
| Right click | 406 |  | 
| Select / deselect | 88 |  | 
| Select group hotkey | 85 |  | 
| Use ability | 15 |  | 
                656 total
 » units 
                » buildings
                
                | Altar of Storms | 1 |  | 
| Orc Burrow | 4 |  | 
| Barracks | 1 |  | 
| Stronghold | 1 |  | 
| Voodoo Lounge | 1 |  | 
| War Mill | 1 |  | 
                9 total
 » build order
                00:17 Altar of Storms
00:23 Orc Burrow
00:38 Barracks
01:29 Orc Burrow
02:18 Orc Burrow
03:45 Stronghold
04:00 Voodoo Lounge
04:50 War Mill
05:12 Orc Burrow
 
               
              
              
JuicyMango (
yellow | 134 APM | 1024 actions | 07:37)
              
 2 Mountain King 
 1 Storm Bolt
 1 Bash
 
                » actions 
                
                | Assign group hotkey | 17 |  | 
| Basic commands | 34 |  | 
| Build / train | 26 |  | 
| Enter build submenu | 10 |  | 
| Enter hero's abilities submenu | 2 |  | 
| Remove unit from queue | 1 |  | 
| Right click | 428 |  | 
| Select / deselect | 158 |  | 
| Select group hotkey | 330 |  | 
| Use ability | 18 |  | 
                1024 total
 » units 
                » upgrades
                » buildings
                
                | Barracks | 2 |  | 
| Farm | 6 |  | 
| Altar of Kings | 1 |  | 
| Keep | 1 |  | 
| Lumber Mill | 1 |  | 
                11 total
 » build order
                00:21 Barracks
00:34 Farm
00:47 Altar of Kings
01:07 Farm
01:46 Farm
02:22 Farm
02:28 Barracks
04:12 Keep
05:56 Farm
06:39 Farm
06:51 Lumber Mill
 
               
              
              
» 
MrForbs (
blue | 89 APM | 677 actions | 07:35)
              
 3 Archmage 
 2 Summon Water Elemental
 1 Brilliance Aura
 
                » actions 
                
                | Assign group hotkey | 21 |  | 
| Basic commands | 58 |  | 
| Build / train | 27 |  | 
| Enter build submenu | 8 |  | 
| Enter hero's abilities submenu | 3 |  | 
| Right click | 370 |  | 
| Select / deselect | 151 |  | 
| Select group hotkey | 23 |  | 
| Use ability | 16 |  | 
                677 total
 » units 
                » buildings
                
                | Altar of Kings | 1 |  | 
| Farm | 3 |  | 
| Barracks | 1 |  | 
| Lumber Mill | 1 |  | 
| Arcane Vault | 1 |  | 
| Keep | 1 |  | 
| Arcane Sanctum | 1 |  | 
                9 total
 » build order
                00:03 Altar of Kings
00:05 Farm
00:37 Barracks
01:13 Farm
01:17 Lumber Mill
01:38 Arcane Vault
02:35 Farm
03:48 Keep
07:07 Arcane Sanctum
 
               
              
              
TheBearsGiraffe (
teal | 77 APM | 590 actions | 07:39)
              
 1 Mountain King 
 1 Storm Bolt
 
                » actions 
                
                | Build / train | 22 |  | 
| Enter build submenu | 11 |  | 
| Enter hero's abilities submenu | 1 |  | 
| Right click | 421 |  | 
| Select / deselect | 107 |  | 
| Use ability | 28 |  | 
                590 total
 » units 
                » buildings
                
                | Altar of Kings | 1 |  | 
| Farm | 5 |  | 
| Barracks | 2 |  | 
| Arcane Vault | 1 |  | 
                9 total
 » build order
                00:06 Altar of Kings
00:12 Farm
00:49 Barracks
01:01 Farm
01:51 Barracks
02:02 Farm
02:24 Farm
02:26 Farm
05:29 Arcane Vault
» items
                
                | Potion of Healing | 1 |  | 
| Lesser Clarity Potion | 1 |  | 
                2 total